 Dungeon Crawl Stone Soup version 0.28.0-47-ge53b351184 (webtiles) character file.

Game seed: 9193130489840435754

289 Peloso the Covered (level 6, -2/52 (53) HPs)
             Began as a Minotaur Fighter on Apr 29, 2022.
             Slain by a wight
             ... wielding a +3 hand axe of freezing
              (7 damage)
             ... on level 3 of the Dungeon.
             The game lasted 00:04:59 (2992 turns).

Peloso the Covered (Minotaur Fighter)               Turns: 2992, Time: 00:05:00

HP:   -2/52 (53)    AC: 13    Str: 20    XL:     6   Next: 9%
MP:   5/5           EV:  5    Int:  5    God:
Gold: 167           SH:  5    Dex: 12    Spells: 5/5 levels left

rFire   . . .      SeeInvis .   a - +0 long sword
rCold   . . .      Faith    .   c - +0 buckler
rNeg    . . .      Spirit   .   e - +0 plate armour
rPois   .          Reflect  .   (helmet restricted)
rElec   .          Harm     .   g - +0 cloak
rCorr   .          Rampage  .   (no gloves)
Will    .....                   (no boots)
Stlth   ..........              (no amulet)
HPRegen 0.17/turn               (no ring)
MPRegen 0.09/turn               (no ring)

@: lightly drained
A: horns 2, retaliatory headbutt
a: no special abilities


You were on level 3 of the Dungeon.
You visited 1 branch of the dungeon, and saw 3 of its levels.

You collected 167 gold pieces.

Inventory:

Hand Weapons
 a - a +0 long sword (weapon)
Missiles
 k - a throwing net (quivered)
Armour
 b - a +0 scale mail
 c - a +0 buckler (worn)
 e - a +0 plate armour (worn)
 g - a +0 cloak (worn)
Jewellery
 f - an amulet of faith
Scrolls
 l - a scroll of magic mapping {unknown}
 m - a scroll of identify {unknown}
Potions
 d - 4 potions of might
 h - 2 potions of degeneration {unknown}
 i - a potion of attraction {unknown}
 j - 2 potions of brilliance {unknown}
 n - a potion of mutation {unknown}
 o - a potion of lignification {unknown}
 p - a potion of flight {unknown}


   Skills:
 + Level 4.7 Fighting
 + Level 5.2 Long Blades
 + Level 5.3 Armour
 + Level 4.5 Shields


You had 5 spell levels left.
You didn't know any spells.
Your spell library contained the following spells:

 Spells                   Type           Power      Damage    Failure   Level
 Corpse Rot               Necr/Air       0%         N/A       100%        2
 Poisonous Vapours        Pois/Air       0%         N/A       100%        2


Dungeon Overview and Level Annotations

Branches:
Dungeon (3/15)

Altars:
Makhleb
Zin

Shops:
D:1 [


Innate Abilities, Weirdness & Mutations

You have a pair of horns on your head.
You reflexively headbutt those who attack you in melee.


Message History

You closely miss the wight.
The wight hits you with a +3 hand axe of freezing.
The wight freezes you.
You closely miss the wight. You headbutt the wight.
The wight is lightly damaged.
The wight hits you with a +3 hand axe of freezing.
* * * LOW HITPOINT WARNING * * *
The wight freezes you.
* * * LOW HITPOINT WARNING * * *
You hit the wight but do no damage.
The wight is lightly damaged.
The wight hits you but does no damage.
You barely miss the wight.
The wight is lightly damaged.
The wight hits you with a +3 hand axe of freezing.
* * * LOW HITPOINT WARNING * * *
You feel drained. The wight freezes you.
* * * LOW HITPOINT WARNING * * *
You hit the wight but do no damage. You headbutt the wight.
The wight is heavily damaged.
The wight barely misses you. You block the wight's attack.
You hit the wight.
The wight is severely damaged.
The wight hits you with a +3 hand axe of freezing.
* * * LOW HITPOINT WARNING * * *
The wight freezes you.
* * * LOW HITPOINT WARNING * * *
Okay, then.
Okay, then.
You hit the wight.
The wight is severely damaged.
The wight hits you with a +3 hand axe of freezing.
* * * LOW HITPOINT WARNING * * *
The wight freezes you.
* * * LOW HITPOINT WARNING * * *
You hit the wight.
You headbutt the wight, but do no damage.
The wight is severely damaged.
The wight hits you with a +3 hand axe of freezing!
You die...

#..............# #.#
########..)....# #.#
#.......##########.#
#........).........#
#.......############
##.....## ##...##
###.# #@# #z# #.#
#.#########
##.........# #.#
##...######.# ..#
####.....#####.##
###
#.#........##...#
##..##.###....#.#


You could see a wight.

Vanquished Creatures
  2 wights (D:3)
  Jessica (D:3)
  An iguana (D:3)
  Natasha (D:2)
  3 gnolls (D:2)
  3 adders
  A worm (D:2)
  3 dart slugs
  4 orcs (D:3)
  7 ball pythons
  8 bats
  3 endoplasms
  3 giant cockroaches
  8 goblins
  2 hobgoblins (D:1)
  5 quokkas
  4 frilled lizards
  4 kobolds
  3 rats (D:1)
66 creatures vanquished.

Notes
Turn   | Place    | Note
-------+----------+-------------------------------------------
     0 | D:1      | Peloso the Minotaur Fighter began the quest for the Orb.
     0 | D:1      | Reached XP level 1. HP: 19/19 MP: 0/0
   222 | D:1      | Reached XP level 2. HP: 27/27 MP: 1/1
   241 | D:1      | Found a faded altar of an unknown god.
   446 | D:1      | Found Atuttub's Antique Armour Shoppe.
   628 | D:1      | Reached XP level 3. HP: 30/33 MP: 2/2
   944 | D:2      | Reached XP level 4. HP: 37/41 MP: 3/3
  1289 | D:2      | Noticed Natasha
  1295 | D:2      | Killed Natasha
  1684 | D:3      | Noticed Jessica
  1691 | D:3      | Killed Jessica
  1692 | D:3      | Reached XP level 5. HP: 21/47 MP: 4/4
  2529 | D:3      | Found a burning altar of Makhleb.
  2532 | D:3      | Found a glowing silver altar of Zin.
  2532 | D:3      | Noticed a green death
  2532 | D:3      | Noticed an angel
  2693 | D:3      | Reached skill level 5 in Armour
  2824 | D:3      | Reached skill level 5 in Long Blades
  2960 | D:3      | Reached XP level 6. HP: 21/53 MP: 5/5
  2992 | D:3      | Slain by a wight

Illustrated notes

Levels and vault maps discovered:
D:1:      heliophobic_arrival_enchanted_forest, layout_basic,
          shapermc_ecumenical_altar_mp_vishouse, serial_shops, shop
D:2:      layout_loops_ring, grunt_ministairs_9, uniq_natasha
D:3:      layout_loops_corners, grunt_temple_overflow_order_and_chaos_2,
          chequers_temple_overflow_minitemple, uniq_jessica

Skill      XL: |  1  2  3  4  5 |
---------------+----------------+-----
Shields        | 4 |  4.5
Fighting       | 4 |  4.7
Armour         | 4 5 |  5.3
Long Blades    | 3 4 5 |  5.2

Action                   |  1- 3 |  4- 6 || total
-------------------------+-------+-------++-------
Melee: Long sword        |    72 |    92 ||   164
       Headbutt          |     6 |    17 ||    23
Armor: Plate armour      |    58 |    43 ||   101
Dodge: Dodged            |    22 |    17 ||    39
Block: Buckler           |    11 |    20 ||    31
